 Dungeon Crawl Stone Soup version 0.29.1-1-gd02db6906a (webtiles) character file.

Game seed: 1987246988542829294

486 Hadkhar the Shooter (level 6, -5/32 HPs)
             Began as a Spriggan Hunter on Sept 30, 2022.
             Slain by a black bear (6 damage)
             ... on level 4 of the Dungeon.
             The game lasted 00:28:03 (4508 turns).

Hadkhar the Shooter (Spriggan Hunter)               Turns: 4508, Time: 00:28:03

Health: -5/32      AC:  3    Str:  7    XL:     6   Next: 89%
Magic:  7/7        EV: 20    Int: 10    God:
Gold:   162        SH:  0    Dex: 21    Spells: 5/5 levels left

rFire   . . .      SeeInvis +   a - +0 shortbow
rCold   . . .      Faith    .   (shield currently unavailable)
rNeg    . . .      Spirit   .   c - +0 robe
rPois   .          Reflect  .   (helmet restricted)
rElec   .          Harm     .   n - +0 cloak
rCorr   .          Rampage  .   (gloves unavailable)
Will    +....                   (boots unavailable)
Stlth   +++.......              (no amulet)
HPRegen 0.10/turn               (no ring)
MPRegen 0.10/turn               (no ring)

@: very quick
A: very small, no large weapons, unfitting armour, see invisible, speed 3
a: no special abilities


You were on level 4 of the Dungeon.
You visited 1 branch of the dungeon, and saw 5 of its levels.

You collected 162 gold pieces.

Inventory:

Hand Weapons
 a - a +0 shortbow (weapon)
Missiles
 i - 18 poisoned darts
Armour
 c - a +0 robe (worn)
 n - a +0 cloak (worn)
Scrolls
 b - 2 scrolls of immolation
 e - a scroll of fear {unknown}
 f - 7 scrolls of identify {unknown}
 g - 3 scrolls of vulnerability {unknown}
 j - 3 scrolls of blinking {unknown}
 l - a scroll of enchant weapon {unknown}
 q - a scroll of magic mapping {unknown}
 s - a scroll of torment {unknown}
Potions
 d - 2 potions of might {unknown}
 h - 3 potions of haste {unknown}
 k - 4 potions of curing {unknown}
 m - a potion of degeneration {unknown}
 o - 2 potions of invisibility {unknown}
 p - 3 potions of magic {unknown}
 r - a potion of mutation {unknown}
 t - a potion of resistance {unknown}
 u - a potion of brilliance {unknown}


   Skills:
 + Level 3.0 Fighting
 * Level 6.0 Ranged Weapons
 + Level 5.0 Dodging
 + Level 5.2 Stealth


You had 5 spell levels left.
You didn't know any spells.
Your spell library contained the following spells:

 Spells                   Type           Power      Damage    Failure   Level
 Foxfire                  Conj/Fire      0%         2x1d4     36%         1
 Summon Small Mammal      Summ           0%         N/A       36%         1
 Call Canine Familiar     Summ           0%         N/A       75%         3
 Conjure Flame            Conj/Fire      0%         6-21      75%         3
 Inner Flame              Hex/Fire       0%         N/A       75%         3
 Summon Guardian Golem    Hex/Summ       0%         N/A       75%         3
 Flame Wave               Conj/Fire      0%         2d4       98%         4
 Blade Hands              Tmut           0%         N/A       100%        5
 Irradiate                Conj/Tmut      0%         3d11      100%        5
 Dragon Form              Tmut           0%         N/A       100%        7


Dungeon Overview and Level Annotations

Branches:
Dungeon (5/15)
 Temple: D:4-7

Altars:
Vehumet

Shops:
D:1 [

Annotations:
D:3 Natasha


Innate Abilities, Weirdness & Mutations

You are very small and have problems with some larger weapons.
You are too small for most types of armour.
You have supernaturally acute eyesight. (SInv)
You cover ground extremely quickly. (Speed+++)


Message History

Fire: a) +0 shortbow
Press: ? - help, Q - select action, (/) - cycle Shift-Dir - straight line, f/p - black bear
Aim: a black bear (heavily wounded, 72% to hit)
You shoot an arrow. The arrow hits the black bear!
The black bear is almost dead.
Fire: a) +0 shortbow
Press: ? - help, Q - select action, (/) - cycle Shift-Dir - straight line, f/p - black bear
Aim: a black bear (almost dead, 72% to hit)
You shoot an arrow. The arrow hits the black bear.
The black bear is almost dead.
The black bear goes berserk!
Fire: a) +0 shortbow
Press: ? - help, Q - select action, (/) - cycle Shift-Dir - straight line, f/p - black bear
Aim: a black bear (almost dead, berserk, 72% to hit)
You shoot an arrow.
The arrow closely misses the black bear.
Fire: a) +0 shortbow
Press: ? - help, Q - select action, (/) - cycle Shift-Dir - straight line, f/p - black bear
Aim: a black bear (almost dead, berserk, 72% to hit)
You shoot an arrow. The arrow hits the black bear.
The black bear is almost dead.
The black bear barely misses you. The black bear closely misses you. x2
The black bear bites you! The black bear misses you. x2
Fire: a) +0 shortbow
Press: ? - help, Q - select action, (/) - cycle Shift-Dir - straight line, f/p - black bear
Aim: a black bear (almost dead, berserk, 72% to hit)
You shoot an arrow. The arrow hits the black bear.
The black bear is almost dead.
The black bear bites you! The black bear barely misses you. x2
An ice beast comes into view.
The black bear bites you. The black bear completely misses you.
The black bear closely misses you. The black bear misses you. x3
You climb upwards.
There is a stone staircase leading down here.
The black bear bites you!
* * * LOW HITPOINT WARNING * * *
The black bear claws you but does no damage.
The black bear claws you.
You die...

.####.....# ####....#####...##...
.###..#..####........#.........##
................##............###
##.......#.....[...........#.....
#...............##.........##.###
...........#######..##.##..##.###
...........########........##..#.
.............>.h.###...###.###...
..........######@##..#.###..#....
.####.###.............รท..........
.)....# ########..............###
.###############.###..#...<...#..
...............<.# #..#..#....#..
...##.############ ##......##.#..
#####.# ##.....###.#._ #####.#####
#######.....## #.#.. #.........#
#.......##.## ##.#..


You could see a black bear (berserk).

Vanquished Creatures
  A necrophage (D:4)
  A water moccasin zombie (D:3)
  Jessica (D:3)
  An iguana (D:4)
  Natasha (D:3)
  An orc wizard (D:3)
  A scorpion zombie (D:3)
  A statue (D:4)
  3 gnolls (D:2)
  7 adders
  A howler monkey skeleton (D:3)
  A white imp (D:3)
  An adder skeleton (D:3)
  An adder zombie (D:3)
  A worm (D:1)
  3 dart slugs
  6 orcs
  5 bats
  4 endoplasms
  7 giant cockroaches
  9 goblins
  4 hobgoblins
  12 jackals
  6 quokkas
  7 ball pythons
  A ball python skeleton (D:3)
  3 frilled lizards (D:3)
  4 kobolds
  A quokka zombie (D:3)
  4 rats
99 creatures vanquished.

Vanquished Creatures (others)
  A withered plant (D:3)
1 creature vanquished.

Grand Total: 100 creatures vanquished

Notes
Turn   | Place    | Note
-------+----------+-------------------------------------------
     0 | D:1      | Hadkhar the Spriggan Hunter began the quest for the Orb.
     0 | D:1      | Reached XP level 1. HP: 10/10 MP: 2/2
   119 | D:1      | Reached XP level 2. HP: 14/15 MP: 3/3
   289 | D:1      | Found Iresox's Armour Shoppe.
   584 | D:1      | Reached XP level 3. HP: 18/18 MP: 4/4
   926 | D:1      | Found a faded altar of an unknown god.
  1528 | D:2      | Reached XP level 4. HP: 23/23 MP: 5/5
  2286 | D:3      | Reached skill level 5 in Ranged Weapons
  2286 | D:3      | Reached XP level 5. HP: 26/27 MP: 6/6
  2664 | D:3      | Noticed Natasha
  2842 | D:3      | Reached XP level 6. HP: 9/32 MP: 7/7
  3214 | D:3      | Noticed Jessica
  3228 | D:3      | Killed Jessica
  3527 | D:3      | Killed Natasha
  3570 | D:3      | Noticed Natasha
  3967 | D:4      | Reached skill level 5 in Stealth
  4019 | D:4      | Found a radiant altar of Vehumet.
  4042 | D:4      | Reached skill level 6 in Ranged Weapons
  4042 | D:4      | Reached skill level 5 in Dodging
  4494 | D:5      | Entered Level 5 of the Dungeon
  4502 | D:5      | Noticed an ice beast
  4508 | D:4      | HP: 1/32 [black bear (12)]
  4508 | D:4      | Slain by a black bear

Illustrated notes

Levels and vault maps discovered:
D:1:      dpeg_arrival_brainrot, layout_basic, serial_shops,
          nicolae_shop_waterfront, shapermc_ecumenical_altar_mp_urbaneastern,
          st_stairs_5
D:2:      layout_loops_cross
D:3:      layout_basic, serial_undead, serial_undead_f, serial_undead_a,
          serial_undead_c, serial_undead_f, dreamdust_princess_corridor,
          minmay_misc_feat_rugged, uniq_natasha, uniq_jessica
D:4:      layout_rooms, vehumet_statue
D:5:      layout_loops_ring, temple_pool_b

Skill      XL: |  1  2  3  4  5  6 |
---------------+-------------------+-----
Stealth        | 2 3 4 5 |  5.2
Dodging        | 3 4 5 |  5.0
Fighting       | 2 3 |  3.0
Ranged Weapons | 5 6 |  6.0

Action                   |  1- 3 |  4- 6 || total
-------------------------+-------+-------++-------
Melee: Shortbow          |       |    10 ||    10
 Fire: Shortbow          |    95 |   241 ||   336
Armor: Robe              |     7 |    10 ||    17
Dodge: Dodged            |    33 |    96 ||   129
